AoeStats
← [CL] Al3jandr0.magn00

Golden Pit

507167538Analyzed
1v1 RM · 14d ago on Sep 16, 2026· 44m 1s· 2 players
Game mode
Random Map
Map size
Tiny (2 player)
Population
200
Speed
Normal
Resources
Standard
Victory
Conquest
Starting age
Dark Age
Ending age
Imperial Age
RankedLock teamsTeams togetherTeam positionsShared explorationLock speedFull tech treeHidden civsTurbo modeCheats
Victory
Defeat
🇦🇷 Ethiopians · Argentina
1871
+15
🇨🇴 Bengalis · Colombia
1854
-15
VLC | DeaH
5:17 Loom
6:21 Loom
8:54 Feudal Age
9:25 Double-Bit Axe
9:45 Horse Collar
18:03 Castle Age
17:24 Fletching
17:40 Padded Archer Armor
18:41 Bodkin Arrow
19:06 Bow Saw
21:51 Crossbowman
32:24 Wheelbarrow
31:36 Town Watch
34:31 Gold Mining
34:32 Stone Mining
36:02 Ballistics
36:57 Hand Cart
40:02 Imperial Age
38:02 Elite Skirmisher
39:32 Leather Archer Armor
40:08 Gold Shaft Mining
42:19 Two-Man Saw
41:47 Heavy Plow
42:10 Bracer
43:59 Chemistry
[CL] Al3jandr0.magn00
6:46 Loom
9:31 Feudal Age
10:20 Double-Bit Axe
10:16 Horse Collar
20:23 Castle Age
18:50 Fletching
19:26 Padded Archer Armor
20:05 Gold Mining
21:09 Bodkin Arrow
21:27 Crossbowman
26:37 Bow Saw
32:35 Wheelbarrow
31:45 Town Watch
35:59 Ballistics
36:39 Gold Shaft Mining
39:12 Imperial Age
39:16 Heavy Plow
39:54 Bracer
40:56 Chemistry
39:17 Arbalester
42:04 Conscription
42:33 Leather Archer Armor
42:54 Thumb Ring
43:57 Two-Man Saw
43:02 Cavalier
43:04 Light Cavalry
43:45 Husbandry
43:51 Scale Barding Armor
44:17 Ring Archer Armor
43:57 Forging
44:04 Masonry
Connection lost

Rejoining the realm…

Still unreachable

The connection could not be restored.

Session expired

The server has moved on; the page needs a fresh start.